Match 46370186
Unlisted

Match 46370186
End
Construct Section Command Post
Construct Section Command Post
Royal Engineer Section
Selects Air and Sea Battlegroup
Dingo Light Scout Car
Infantry Section
Selects Supply Surplus
Infantry Section
Construct Field Infirmary
Construct Resource Cache
Forward Retreat Point
Vickers Machine Gun Team
Construct Platoon Command Post
Unlock M3 Stuart Light Tanks
Grenade Package
Selects Commando Section Paradrop
Selects Commando Support Section Paradrop
M3 Stuart Light Tank
Construct Resource Cache
Construct Company Command Post
Unlock M3 Grant Medium Tanks
M3 Grant Medium Tank
Royal Engineer Section
Selects Incendiary Bombing Run
Incendiary Bombing Run
M3 Grant Medium Tank
Royal Engineer Section
M3 Grant Medium Tank
Selects UNKNOWN (223837)
Construct Resource Cache
Incendiary Bombing Run
M3 Grant Medium Tank
Selects Naval Bombardment
M3 Stuart Light Tank
M3 Grant Medium Tank
Incendiary Bombing Run
M3 Grant Medium Tank
M3 Grant Medium Tank
Incendiary Bombing Run
M3 Grant Medium Tank
M3 Grant Medium Tank
Commando Support Section Paradrop
potatoo
塔露rua
天童アリス
LilaS
chad
ionwood
Dreamer梦想家
dabobo233
0
0

Comments sign in to comment!

No comments posted yet!